← All builds
Tech / Armada / Economy first / OBSERVED BUILD

Sharpshooter snipers

Armada Tech (Eco) build order · Supreme Isthmus

Standard T2 rush into an early Sharpshooter-led sniper bot push around 8:10-8:38, pairing T2 constructor support for Geo with sniper bots fighting at the middle rather than just economy scaling.

Usually first T2 con to Geo (81%)

#t2 #raid · 99 distinct matches · 51 players · 3% of Armada Tech games · team won 27% of 100 · Recently observed

THE CATCH, AND WHAT COMES WITH IT
  • SharpshooterT2 bot snipers from 8:11 · 6% of role by thenFrom the Advanced Bot Lab. Only 6% of Tech games have it by then; others who build it get it around 9:07

Where those units first fight, in 98 games with kill data: in the middle 55%, on their own side 45%.

Those units destroy a typical 1,393 metal of enemy units by 15:00.

Then transitions into anti-nuke (13% of army).

HOW TO PLAY IT

Key timing: Sharpshooter out by 9:04

  1. Open standard T2 rush with Bot Lab first.
  2. Finish Advanced Bot Lab on the normal T2 timing.
  3. Upgrade mex as usual while eco scales.
  4. Push Sharpshooter snipers from Advanced Bot Lab to fight forward in middle.
  5. Keep producing T2 cons and anti-nuke for the team.

Phase by phase

TYPICAL OF ITS 99 GAMES · AGAINST STANDARD TECH
  1. 1
  2. 2
  3. 3
  4. 4
  5. 5
PLAY THE OPENING

Follow the example game's first 9:11 step by step: what to build now, what comes next, and where it goes. At 1× it keeps pace with your own game.

  1. 1

    Up to the Bot Lab

    Economy
    • Metal Extractor3Mex
    • Wind Turbine4Wind
    Order
    1. Bot LabBot Lab after 3 mex, 4 winddone ~1:17, middle half 1:13–1:38

    Some games also: energy storage (37%)

    By 1:00 in all: 3 mex · 4 wind

    The example game in this phase · 5 steps
    1. Mex ×3
    2. Wind ×4
    3. Energy storage
    4. Wind ×2
    5. Bot LabBot Labdone 1:45 · typical 1:17
  2. 2

    Bot Lab to Advanced Bot Lab

    Economy
    • Metal Extractor1Mex
    • Wind Turbine9Wind
    • Energy Storage1Energy storage
    Order
    1. Advanced Bot LabAdvanced Bot Lab after 4 mex, 13 wind, 3 con turretdone ~4:18, middle half 4:08–4:33
    Builders
    • Construction Turret3 Con turret
    • Lazarus3 Lazarus
    • Construction Bot2 Con bot
    • Construction Bot1 Con bot for allies

    Some games also: converter (43%)

    By 3:22 in all: 4 mex · 13 wind · 1 energy storage · 3 con turret

    The example game in this phase · 15 steps
    1. Construction BotCon bot
    2. Wind
    3. LazarusLazarus
    4. Wind
    5. Construction BotCon bot
    6. Wind
    7. LazarusLazarus
    8. Wind
    9. Con turret
    10. Mex
    11. LazarusLazarus ×2
    12. Wind ×2
    13. Con turret
    14. Wind ×2
    15. Advanced Bot LabAdvanced Bot Labdone 4:35 · typical 4:18
  3. 3

    Advanced Bot Lab to 5:00

    Economy
    • Wind Turbine1Wind−2 vs standard
    Order
    1. Bot LabEat Bot Lab
    Builders
    • Advanced Construction Bot1 T2 con bot for allies

    Some games also: converter (43%)

    By 5:00 in all: 4 mex · 15 wind · 2 converter · 1 energy storage · 3 con turret

    The example game in this phase · 5 steps
    1. Wind ×2
    2. Bot LabEat Bot Labreclaimed for its metal
    3. Wind
    4. Advanced Construction BotT2 con botfor Geo
    5. Advanced Metal ExtractorT2 mexdone 5:20 · typical 5:17
  4. 4

    5:00 to T2 bot snipers

    Economy
    • Wind Turbine16Wind+5 vs standard
    • Energy Converter1Converter
    Order
    1. SharpshooterT2 bot snipers after 4 mex, 32 wind, 5 converterdone ~8:39, middle half 7:41–9:48
    Builders
    • Butler4 Butler
    • Advanced Construction Bot3 T2 con bot for allies

    Some games also: T2 con bot (36%)

    By 8:10 in all: 4 mex · 32 wind · 5 converter (standard 3) · 1 energy storage · 3 con turret

    The example game in this phase · 21 steps
    1. Advanced Construction BotT2 con botfor Geo sea
    2. Mex
    3. Advanced Metal ExtractorT2 mex ×2
    4. ButlerButler ×2
    5. Advanced Construction BotT2 con botfor Beach sea
    6. Advanced Metal ExtractorT2 mex
    7. Wind ×4
    8. Advanced Construction BotT2 con bot
    9. ButlerButler
    10. Wind
    11. ButlerButler
    12. Wind
    13. ButlerButler
    14. Wind
    15. ButlerButler
    16. Wind
    17. ButlerButler
    18. Wind
    19. ButlerButler
    20. Wind
    21. SharpshooterSniper botdone 8:43 · typical 8:39
  5. 5

    T2 bot snipers to 10:00

    Economy
    • Wind Turbine19Wind−11 vs standard
    Army
    • Sharpshooter1 Sniper bot

    Some games also: converter (48%) · Butler (45%) · T2 con bot for allies (42%)

    The standard build makes here, this one skips: 4 converter · 5 Butler

    By 10:00 in all: 4 mex · 54 wind · 8 converter · 1 energy storage · 3 con turret

    The example game in this phase · 110 steps
    1. Wind ×15
    2. WelderWelder
    3. Wind ×3
    4. Advanced Construction BotT2 con botfor Pond
    5. Wind
    6. Con turret
    7. Wind ×6
    8. Converter
    9. Wind ×2
    10. Advanced Construction BotT2 con bot
    11. Wind ×3
    12. Converter
    13. Wind ×4
    14. Advanced Construction BotT2 con bot
    15. Converter
    16. Wind ×5
    17. Converter
    18. Wind
    19. Fusion ReactorFusiondone 12:01
    20. Wind ×3
    21. Converter
    22. Wind ×5
    23. Converter
    24. Wind
    25. SharpshooterSniper bot
    26. Wind ×4
    27. Converter
    28. Wind ×4
    29. Converter
    30. Wind ×5
    31. Converter
    32. Wind ×5
    33. Converter
    34. Wind ×5
    35. Converter
    36. Wind ×5
    37. Converter
    38. Wind ×5
    39. Converter
    40. Wind ×5
    41. Converter
    42. Wind ×4
    43. Converter
    44. Wind ×3
    45. T2 converter
    46. Wind ×2
    47. Converter
    48. Wind
    49. ButlerButlerfor Geo sea
    50. Wind ×4
    51. Converter
    52. Wind ×4
    53. Fusion ReactorFusion
    54. Wind
    55. Converter
    56. Wind ×2
    57. ButlerButlerfor Geo sea
    58. Wind ×2
    59. Converter
    60. Wind ×5
    61. Converter
    62. Wind ×5
    63. Converter
    64. Wind ×5
    65. Converter
    66. T2 converter
    67. Wind
    68. Con turret
    69. Wind ×4
    70. Converter
    71. Wind
    72. Con turret
    73. Wind ×3
    74. Con turret
    75. Wind
    76. Converter
    77. Wind ×2
    78. Metal storage
    79. Advanced Construction BotT2 con botfor Air
    80. Wind ×3
    81. Converter
    82. Wind ×4
    83. Converter
    84. Wind ×5
    85. Converter
    86. Wind
    87. WelderWelder
    88. Wind ×4
    89. Converter
    90. Wind ×2
    91. WelderWelder
    92. Wind ×2
    93. Converter
    94. Wind ×2
    95. SharpshooterSniper bot
    96. Wind
    97. Converter
    98. T2 converter
    99. Wind ×2
    100. Fusion ReactorFusion
    101. Wind ×2
    102. Converter
    103. Wind ×3
    104. SharpshooterSniper bot
    105. Converter
    106. Wind ×4
    107. Converter
    108. Wind ×3
    109. Converter
    110. Wind ×2

Counts are medians over the build's games: half of them build more, half fewer. The example game is MrMilkman's (31 OS, 20/09/2026); pick another.

Team trades

IN AT LEAST 30% OF ITS GAMES

You hand over

  • Construction Bot1 Con bot to Airfirst at 2:24 · in 89% of games
  • Advanced Construction Bot5 T2 con bot to Geo sea or Air or Pondfirst at 4:59 · in 100% of games
  • Butler2 Butler to Geo sea or Beach seafirst at 10:30 · in 36% of games

You get

  • Hercules2 Light transport from Airfirst at 4:04 · in 88% of games

How it plays out

Typical game of this build against the role’s standard build, running totals by minute

  • This build
  • Standard tech

Metal produced

020k40k
0:005:0010:0015:00

metal

Enemy metal destroyed

01k2k3k
0:005:0010:0015:00

metal

Own metal lost

05001k
0:005:0010:0015:00

metal

100 games.

Show as table
ByMetal produced: This buildMetal produced: Standard techEnemy metal destroyed: This buildEnemy metal destroyed: Standard techOwn metal lost: This buildOwn metal lost: Standard tech
1:003833830000
2:009139150000
3:00160416510000
4:00309831430000
5:00487048480000
6:00595658000000
7:00752072270000
8:00930690610000
9:0011455111690000
10:001380213502179000
11:0016263162396490690
12:001900819652101401300
13:002228123441151203280
14:0026270273571782068074
15:003009231538248185910130
WHAT THE NUMBERS SAY

Won far less often than the standard build, losing a lot more metal for only a modest gain in enemy metal destroyed.

  • + Enemy metal destroyed by 15:00 well above standard (2598 vs 262).
  • − Team win rate collapses to 21% vs standard's 53%.
  • − Own metal lost by 15:00 far exceeds standard (1360 vs 196).
THE EXAMPLE YOU ARE READING

MrMilkman

30.8 OS · 20/09/2026

Open source match ↗

2 received units
1716 metal received · 24890 energy received

Allied construction assistance is unknown. Timings are observations, not a promise of solo reproducibility.

Typical milestones

Bot Lab1:17Middle 50%: 1:13–1:38 · n=100
Advanced Bot Lab4:18Middle 50%: 4:08–4:33 · n=100
Advanced Metal Extractor5:17Middle 50%: 4:57–5:41 · n=100
Sharpshooter8:39Middle 50%: 7:41–9:48 · n=100

Played most by

Amrissa15games of this buildDRM6games of this buildTheGeneraI5games of this buildenderOS14games of this buildKontraption4games of this build